 Dungeon Crawl Stone Soup version 0.29.0-4-gdea44cf6ec (webtiles) character file.

Game seed: 7521079852069395772

405 enile the Trooper (level 7, -3/56 HPs)
             Began as a Formicid Wanderer on Aug 27, 2022.
             Was a Believer of Qazlal.
             Succumbed to a water moccasin's poison
             ... on level 4 of the Dungeon.
             The game lasted 00:04:53 (4179 turns).

enile the Trooper (Formicid Wanderer)               Turns: 4179, Time: 00:04:53

Health: -3/56      AC:  3    Str: 16 (17) XL:     7   Next: 12%
Magic:  7/10       EV: 11    Int: 11 (14) God:    Qazlal [**....]
Gold:   138        SH:  7    Dex: 11 (12) Spells: 9/10 levels left

rFire   . . .      SeeInvis +   m - +0 lajatang
rCold   . . .      Faith    .   h - +0 buckler
rNeg    . . .      Spirit   .   c - +0 leather armour
rPois   .          Reflect  .   (helmet unavailable)
rElec   .          Harm     .   (no cloak)
rCorr   .          Rampage  .   (no gloves)
Will    .....                   (no boots)
Stlth   +.........              (no amulet)
HPRegen 0.18/turn               (no ring)
MPRegen 0.12/turn               (no ring)

@: lethally poisoned (-3 -> -25), attractive, flying
A: permanent stasis, dig shafts and tunnels, antennae 3, four strong arms
a: Dig, Shaft Self, Renounce Religion, Upheaval


You were on level 4 of the Dungeon.
You worshipped Qazlal.
Qazlal was pleased with you.
You visited 1 branch of the dungeon, and saw 4 of its levels.

You collected 138 gold pieces.

Inventory:

Hand Weapons
 a - a +3 hand axe
 g - a +0 short sword of venom
 m - a +0 lajatang (weapon)
Armour
 c - a +0 leather armour (worn)
 h - a +0 buckler (worn)
Scrolls
 b - a scroll of fog
 i - 3 scrolls of identify
 l - 2 scrolls of summoning {unknown}
 n - 2 scrolls of enchant weapon {unknown}
 o - a scroll of teleportation


   Skills:
 - Level 5.0 Fighting
 - Level 4.0 Axes
 - Level 2.1 Armour
 - Level 2.0 Dodging
 - Level 3.0 Shields
 + Level 2.3 Spellcasting
 - Level 2.0 Earth Magic
 - Level 4.0 Invocations


You had 9 spell levels left.
You knew the following spells:

 Your Spells              Type           Power      Damage    Failure   Level
a - Sandblast             Erth           10%        2d5       19%         1

Your spell library contained the following spells:

 Spells                   Type           Power      Damage    Failure   Level
 Stone Arrow              Conj/Erth      6%         3d7       65%         3


Dungeon Overview and Level Annotations

Branches:
Dungeon (4/15)
 Temple: D:4-7

Altars:
Qazlal


Innate Abilities, Weirdness & Mutations

You cannot be hasted, slowed, berserked, paralysed or teleported.
You can dig through walls and to a lower floor.
You have a pair of large antennae on your head. (SInv)
Your four strong arms can wield two-handed weapons with a shield.


Message History

The water moccasin bites you! The water moccasin bites you.
You are too injured to fight recklessly!
Casting: Sandblast (safe; 16% risk of failure)
Confirm with . or Enter, or press ? or * to list all spells.
Okay, then.
You aren't carrying any items that you can evoke.
It was a potion of flight.
You feel very buoyant.
You fly up into the air.
You feel sick. You block the water moccasin's attack.
The water moccasin bites you!
* * * LOW HITPOINT WARNING * * *
It was a potion of attraction.
You feel attractive to monsters.
You feel sick.
The water moccasin bites you but does no damage.
It was a potion of degeneration.
There was something very wrong with that liquid.
You feel weakened.
You feel dopey.
You feel clumsy.
You feel sick. The water moccasin bites you.
* * * LOW HITPOINT WARNING * * *
You block the water moccasin's attack.
As you read the scroll labelled BUALUE OLOEWNE, it crumbles to dust.
Your body is wracked with pain!
* * * LOW HITPOINT WARNING * * *
The water moccasin convulses!
It was a scroll of torment.
* * * LOW HITPOINT WARNING * * *
You feel sick. The water moccasin bites you.
* * * LOW HITPOINT WARNING * * *
You are more poisoned.
The water moccasin poisons you!
You aren't carrying any potions.
You aren't carrying any potions.
Okay, then.
Okay, then.
You aren't carrying any potions.
Unknown command.
As you read the scroll labelled XUBEB JAARALI, it crumbles to dust.
It is a scroll of identify.
o - a scroll of teleportation You die...

.. ##.## .... {
... .. .#### #
#S○.# #. #
#@..# . #..##
#.#..^# ...
#...
#.....###....
#####
#.#..........{
...>.
#.#....#####
##### #
#......#
#...##.########
#...##........#
###.#########.#


You could see a water moccasin.

Vanquished Creatures
  An ogre (D:4)
  A scorpion (D:3)
  A hound (D:4)
  An orc priest (D:4)
  2 orc wizards (D:4)
  4 gnolls
  A worm (D:2)
  4 dart slugs
  11 orcs
  9 ball pythons
  6 bats
  8 endoplasms
  5 giant cockroaches
  2 goblins
  6 hobgoblins
  7 jackals
  10 kobolds
  A quokka (D:1)
  7 frilled lizards
  3 rats
90 creatures vanquished.

Vanquished Creatures (others)
  34 plants
34 creatures vanquished.

Grand Total: 124 creatures vanquished

Notes
Turn   | Place    | Note
-------+----------+-------------------------------------------
     0 | D:1      | enile the Formicid Wanderer began the quest for the Orb.
     0 | D:1      | enile set off with the following items: a +3 hand axe, a
                  | scroll of fog, a +0 leather armour; and the following spell
                  | memorised: Sandblast; and the following spells available to
                  | memorise: Stone Arrow.
     0 | D:1      | Reached XP level 1. HP: 16/16 MP: 3/3
    20 | D:1      | Reached skill level 1 in Earth Magic
   136 | D:1      | Reached XP level 2. HP: 22/22 MP: 1/5
   436 | D:1      | Found a faded altar of an unknown god.
   470 | D:1      | Reached skill level 3 in Fighting
   470 | D:1      | Reached XP level 3. HP: 23/29 MP: 6/6
   496 | D:1      | Prayed at the altar of an unknown god.
   496 | D:1      | Became a worshipper of Qazlal Stormbringer
   496 | D:1      | Reached * piety under Qazlal
   732 | D:1      | Reached skill level 1 in Dodging
  1333 | D:2      | Reached ** piety under Qazlal
  1334 | D:2      | Reached XP level 4. HP: 31/35 MP: 7/7
  2160 | D:3      | Reached skill level 1 in Shields
  2737 | D:3      | Noticed a scorpion
  2760 | D:3      | Killed a scorpion
  2761 | D:3      | Reached XP level 5. HP: 8/42 MP: 8/8
  3377 | D:4      | Reached skill level 4 in Fighting
  3403 | D:3      | Reached XP level 6. HP: 10/49 MP: 5/9
  3794 | D:4      | Noticed an ogre
  3810 | D:4      | Reached skill level 5 in Fighting
  3810 | D:4      | Reached skill level 1 in Invocations
  3821 | D:4      | Killed an ogre
  3822 | D:4      | Reached XP level 7. HP: 39/56 MP: 2/10
  4166 | D:4      | Noticed a water moccasin
  4178 | D:4      | HP: 2/56 [water moccasin (1)]
  4179 | D:4      | Succumbed to a water moccasin's poison

Illustrated notes

Levels and vault maps discovered:
D:1:      nzn_arrival_crosshair, layout_basic,
          hellmonk_ecumenical_altar_inner_sanctum, kennysheep_boxes
D:2:      layout_loops_ring, serial_glass, glass_columns_a, glass_columns_a,
          guppyfry_early_lair_pool
D:3:      layout_basic
D:4:      layout_rooms, minmay_manual_maat

Skill      XL: |  1  2  3  4  5  6  7 |
---------------+----------------------+-----
Earth Magic    | 1 2 |  2.0
Fighting       | 3 4 5 |  5.0
Dodging        | 1 2 |  2.0
Shields        | 3 |  3.0
Invocations    | 3 4 |  4.0
Axes           | |  4.0
Armour         | |  2.1
Spellcasting   | |  2.3

Action                   |  1- 3 |  4- 6 |  7- 9 || total
-------------------------+-------+-------+-------++-------
Melee: Hand axe          |    75 |       |       ||    75
       Short sword       |     3 |    99 |    23 ||   125
       Lajatang          |       |    39 |     2 ||    41
 Cast: Sandblast         |    18 |     4 |     5 ||    27
Invok: Upheaval          |       |     3 |       ||     3
  Use: Potion            |       |     2 |     3 ||     5
       Scroll            |       |       |     2 ||     2
 Stab: Sleeping          |     1 |       |       ||     1
Armor: Leather armour    |    39 |    30 |     7 ||    76
Dodge: Dodged            |    67 |    94 |     5 ||   166
Block: Buckler           |       |    62 |     8 ||    70
